Map: Ever Dream LE

Players

Gerald

  • Race: Protoss Protoss
  • Spawn Location: 7:00

TSGSolar (Solar) - Winner!

  • Race: Zerg Zerg
  • Spawn Location: 1:00

Event: StayAtHomestory Cup #1

VOD

Have the link to the VOD?

Description

Time

  • Played on: April 10, 2020, 12:18 p.m.
  • Length: 15:27

All games in this series

Show
View Real Time Build Order
Export as new Build Order

Gerald Protoss 

Build Orders: 1 Gate Expand, Zealot Archon, Archon Drop, Dark Templar Rush 

Get SALT Encoding   

  12  0:00  Probe  
  13  0:13  Probe  
  14  0:19  Pylon  
  14  0:25  Probe (Chrono Boost)  
  14  0:27  Assimilator  
  15  0:37  Probe (Chrono Boost)  
  16  0:44  Gateway  
  16  0:46  Probe (Chrono Boost)  
  17  0:53  Probe  
  18  1:05  Probe  
  19  1:17  Probe  
  20  1:25  Nexus  
  20  1:35  Cybernetics Core  
  20  1:37  Probe  
  21  1:44  Assimilator  
  21  1:50  Probe  
  21  1:52  Pylon  
  22  2:02  Probe  
  23  2:10  Adept (Chrono Boost)  
  23  2:14  Probe, Twilight Council  
  26  2:20  Warp Gate  
  26  2:26  Probe  
  27  2:31  Stalker (Chrono Boost)  
  29  2:38  Probe x2  
  31  2:50  Probe x2  
  33  2:57  Robotics Facility  
  33  3:02  Probe x2, Adept  
  37  3:10  Gateway  
  37  3:16  Dark Shrine  
  37  3:21  Probe  
  37  3:23  Probe  
  39  3:29  Pylon  
  39  3:33  Probe  
  40  3:40  Gateway  
  40  3:41  Gateway  
  40  3:43  Probe  
  40  3:47  Probe  
  42  3:51  Warp Prism (Chrono Boost)  
  44  3:56  Probe  
  45  4:05  Probe  
  46  4:10  Probe  
  46  4:12  Pylon  
  47  4:17  Probe  
  46  4:26  Probe  
  46  4:29  Probe, Assimilator x2  
  48  4:31  Pylon  
  49  4:39  Shield Battery  
  49  4:40  Dark Templar x3  
  54  4:47  Gateway  
  54  4:52  Dark Templar  
  56  4:53  Probe  
  56  4:58  Probe  
  52  5:14  Zealot x3  
  52  5:20  Probe  
  58  5:26  Probe  
  59  5:33  Probe  
  60  5:35  Gateway  
  60  5:38  Dark Templar  
  60  5:39  Gateway  
  60  5:40  Blink  
  60  5:41  Robotics Bay  
  60  5:42  Gateway, Archon x2  
  62  5:44  Adept, Zealot  
  62  5:48  Probe  
  66  5:52  Pylon  
  66  5:54  Pylon  
  66  5:58  Stalker  
  70  6:05  Robotics Bay  
  70  6:08  Nexus  
  68  6:11  Observer  
  68  6:13  Probe  
  68  6:15  Probe  
  71  6:26  Probe  
  71  6:27  Probe  
  71  6:28  Dark Templar  
  71  6:29  Dark Templar  
  71  6:30  Zealot  
  79  6:38  Probe  
  79  6:39  Probe  
  81  6:50  Probe, Disruptor (Chrono Boost)  
  81  6:51  Pylon  
  85  6:58  Probe  
  86  7:07  Pylon  
  86  7:09  Probe  
  86  7:10  Probe  
  86  7:11  Gateway x2  
  88  7:16  Disruptor (Chrono Boost)  
  88  7:21  Probe  
  93  7:22  Probe, Robotics Facility  
  93  7:32  Probe  
  93  7:33  Probe  
  93  7:35  Probe  
  93  7:36  Stalker x4  
  104  7:44  Probe  
  104  7:45  Probe  
  104  7:46  Archon  
  104  7:47  Probe  
  104  7:48  Assimilator  
  107  7:52  Assimilator  
  107  7:55  Forge  
  107  7:56  Probe, Extended Thermal Lance (Chrono Boost), Shield Battery  
  107  7:57  Probe, Colossus (Chrono Boost)  
  115  7:59  Probe  
  115  8:04  Charge (Chrono Boost)  
  116  8:08  Probe, Pylon  
  117  8:14  Pylon  
  117  8:15  Pylon  
  117  8:24  Protoss Ground Weapons Level 1 (Chrono Boost)  
  117  8:26  Probe x3  
  120  8:27  Gateway  
  120  8:31  Colossus (Chrono Boost)  
  120  8:37  Nexus  
  120  8:40  Pylon  
  126  8:41  Pylon  
  126  8:47  Colossus (Chrono Boost), Unknown  
  132  9:02  Probe x2  
  125  9:04  Stalker x6  
  137  9:13  Stalker x2  
  137  9:14  Probe x2  
  143  9:19  Probe  
  144  9:25  Gateway  
  144  9:26  Probe  
  144  9:27  Pylon  
  145  9:36  Probe  
  145  9:37  Gateway  
  144  9:47  Stalker x5  
  144  9:48  Probe  
  144  9:50  Probe  
  156  9:55  Colossus  
  162  10:01  Zealot  
  162  10:02  Zealot  
  162  10:04  Zealot  
  167  10:09  Dark Templar  
  167  10:12  Sentry  
  165  10:18  Dark Templar  
  165  10:19  Zealot  
  159  10:23  Zealot  
  159  10:28  Probe (Chrono Boost), Protoss Ground Weapons Level 2 (Chrono Boost)  
  161  10:30  Probe (Chrono Boost)  
  161  10:32  Probe (Chrono Boost)  
  162  10:36  Probe (Chrono Boost)  
  162  10:38  Templar Archives  
  162  10:40  Probe (Chrono Boost)  
  162  10:42  Probe (Chrono Boost)  
  165  10:43  Probe (Chrono Boost), Photon Cannon  
  165  10:50  Probe  
  165  10:52  Probe x2  
  168  10:59  Probe  
  168  11:04  Zealot  
  168  11:09  Stalker  
  168  11:10  Stalker x5  
  168  11:12  Zealot  
  168  11:16  Probe  
  170  11:23  Zealot  
  170  11:25  Probe x2  
  172  11:43  Pylon  
  172  11:51  Pylon  
  172  11:52  Pylon, Psionic Storm  
  172  11:54  Pylon  
  172  11:56  Pylon  
  172  12:01  Probe x4, Warp Prism  
  172  12:06  Stargate  
  172  12:08  High Templar x4  
  180  12:13  Probe  
  180  12:14  High Templar x7  
  192  12:20  Archon x5  
  155  12:27  Colossus (Chrono Boost)  
  155  12:29  Zealot  
  135  12:35  Probe x2  
  135  12:36  Probe  
  138  12:40  Colossus (Chrono Boost)  
  138  12:43  High Templar  
  138  12:44  High Templar  
  148  12:51  Nexus, Shield Battery  
  148  12:53  Photon Cannon  
  148  12:57  High Templar x2  
  152  13:03  Zealot x2  
  152  13:04  Zealot x5  
  166  13:17  Colossus  
  166  13:19  Gateway  
  172  13:22  Dark Templar x2  
  172  13:26  Zealot x3  
  180  13:35  Dark Templar x3  
  166  13:50  Stalker x6  
  174  13:59  Stalker x2  
  137  14:15  Zealot x8  
  129  14:22  Disruptor x2  
  83  14:48  Stalker x3  
  83  14:49  Stalker x4  
  77  14:53  Stalker  
  81  15:11  Dark Templar x2  
  81  15:12  Dark Templar  
Show
View Real Time Build Order
Export as new Build Order

TSGSolar Zerg - Winner!

Build Orders: Hatch First, Brood Lord Corruptor 

Get SALT Encoding   

  12  0:01  Drone  
  13  0:12  Overlord  
  13  0:18  Drone  
  14  0:31  Drone x2  
  16  0:48  Hatchery  
  15  0:52  Drone  
  15  0:55  Drone  
  17  0:58  Drone  
  18  1:09  Extractor  
  17  1:14  Spawning Pool  
  17  1:17  Drone  
  17  1:19  Drone  
  18  1:28  Drone  
  19  1:39  Drone  
  20  1:47  Hatchery  
  20  1:50  Drone  
  20  2:01  Queen  
  20  2:03  Drone  
  23  2:11  Queen  
  25  2:18  Overlord  
  25  2:21  Drone  
  26  2:23  Drone  
  26  2:29  Metabolic Boost  
  27  2:31  Zergling x2  
  28  2:37  Drone x2  
  28  2:40  Zergling x2  
  31  2:46  Queen  
  33  2:53  Drone x2  
  33  2:54  Drone  
  36  3:00  Queen  
  36  3:04  Overlord  
  38  3:06  Drone  
  38  3:08  Drone  
  40  3:14  Drone x2  
  42  3:23  Drone x4  
  42  3:24  Drone x2  
  47  3:27  Overlord  
  47  3:30  Drone  
  48  3:36  Roach Warren  
  48  3:39  Drone x2  
  49  3:47  Drone  
  49  3:48  Overlord  
  50  3:49  Drone  
  50  3:52  Extractor, Overlord  
  50  3:53  Drone  
  50  3:55  Zergling x6  
  54  3:56  Zergling x2  
  54  3:57  Zergling x2  
  54  3:59  Zergling x2  
  57  4:06  Overlord  
  57  4:13  Spore Crawler, Drone  
  57  4:20  Overlord  
  57  4:22  Roach x4  
  64  4:25  Spore Crawler, Roach  
  64  4:33  Drone x3  
  64  4:35  Lair  
  64  4:36  Zergling x4  
  69  4:39  Drone  
  69  4:43  Drone  
  69  4:45  Spore Crawler  
  70  4:47  Zergling x6  
  73  4:57  Overlord  
  73  4:59  Drone x2  
  75  5:00  Drone  
  75  5:01  Extractor, Drone x2  
  75  5:05  Zergling x10  
  83  5:07  Roach  
  83  5:09  Roach  
  83  5:11  Roach  
  85  5:15  Roach x2  
  85  5:19  Roach  
  85  5:20  Roach  
  91  5:23  Drone x2  
  92  5:28  Overlord  
  92  5:30  Drone  
  92  5:32  Drone x2  
  92  5:34  Glial Reconstitution  
  92  5:35  Extractor, Evolution Chamber  
  94  5:37  Drone  
  94  5:39  Overseer  
  94  5:40  Drone  
  94  5:42  Roach  
  97  5:43  Overlord  
  97  5:44  Drone  
  97  5:48  Drone  
  97  5:49  Drone  
  101  5:50  Drone  
  101  5:53  Drone x2  
  102  5:57  Overlord  
  102  5:58  Baneling Nest  
  102  5:59  Extractor  
  102  6:00  Roach  
  102  6:01  Roach  
  104  6:05  Overlord  
  104  6:08  Zerg Melee Weapons Level 1  
  104  6:09  Roach x2  
  108  6:12  Overlord  
  108  6:16  Overlord  
  108  6:18  Overlord  
  108  6:23  Drone  
  108  6:25  Zergling x10, Ravager x3  
  113  6:29  Overlord  
  113  6:31  Roach x2  
  121  6:33  Roach  
  123  6:40  Overlord  
  123  6:44  Drone x5  
  127  6:49  Centrifical Hooks  
  127  6:55  Overseer  
  127  6:56  Overseer  
  127  6:59  Hatchery  
  127  7:01  Drone x3  
  129  7:11  Zergling x22  
  129  7:14  Hatchery  
  136  7:16  Overlord  
  136  7:22  Zergling x8  
  139  7:28  Baneling x5  
  139  7:30  Zergling x6  
  139  7:34  Drone x3  
  145  7:37  Drone  
  145  7:38  Drone  
  145  7:40  Overlord  
  145  7:43  Drone x3  
  150  7:48  Pneumatized Carapace  
  150  7:50  Zergling x6  
  152  7:57  Zergling x4, Hatchery  
  153  8:01  Ravager x4  
  153  8:02  Ravager, Drone x4  
  153  8:04  Unknown  
  153  8:05  Zerg Melee Weapons Level 2  
  161  8:06  Drone  
  161  8:09  Baneling x3  
  162  8:13  Drone x3  
  165  8:22  Zergling x4  
  165  8:23  Zergling x4  
  165  8:24  Overlord x2  
  165  8:26  Baneling x4  
  169  8:28  Extractor, Infestation Pit  
  169  8:29  Spire  
  166  8:35  Drone x3  
  166  8:37  Zergling x4  
  171  8:43  Zergling x12, Hatchery  
  171  8:47  Baneling x8  
  176  8:51  Zergling x6  
  176  8:52  Zergling x6  
  176  8:53  Zergling x2  
  180  9:05  Zergling x16  
  180  9:08  Hive  
  189  9:15  Baneling  
  189  9:16  Baneling x19  
  189  9:17  Hatchery  
  189  9:22  Zergling x12  
  194  9:24  Overlord  
  194  9:30  Zergling x8  
  198  9:33  Overseer  
  197  9:45  Corruptor x5  
  180  9:46  Corruptor  
  180  9:50  Corruptor  
  193  9:56  Corruptor  
  192  10:05  Corruptor  
  191  10:07  Zergling x20  
  200  10:20  Viper  
  198  10:22  Adrenal Glands, Greater Spire  
  198  10:26  Baneling x7  
  198  10:27  Zergling x8, Baneling  
  199  10:30  Overseer  
  197  10:38  Zergling x6  
  196  11:06  Zergling x18  
  199  11:13  Zergling x2  
  196  11:21  Zergling x22  
  198  11:40  Zerg Flyer Weapons Level 1  
  198  11:46  Zergling x2  
  198  11:56  Zergling x6  
  198  12:10  Zergling x4  
  197  12:21  Zergling x28  
  197  12:22  Zergling x28  
  197  12:25  Zergling x10  
  197  12:26  Zergling x16  
  187  12:30  Zergling x6  
  187  12:33  Zergling x6  
  187  12:40  Brood Lord x6  
  187  12:41  Baneling x13  
  187  12:42  Baneling x49  
  199  12:45  Zerg Melee Weapons Level 3  
  199  12:55  Hatchery  
  198  13:09  Brood Lord  
  198  13:11  Zergling x2  
  199  13:16  Overseer, Baneling x3  
  199  13:18  Spine Crawler x2  
  199  13:19  Spore Crawler, Drone  
  197  13:20  Drone x6  
  197  13:23  Extractor  
  197  13:24  Pathogen Glands  
  197  13:25  Extractor  
  197  13:26  Drone x2  
  184  13:42  Zergling x28  
  184  13:43  Zergling x28  
  184  13:46  Zergling x12  
  187  13:59  Zergling x10  
  187  14:00  Overseer  
  187  14:04  Zergling x4, Spine Crawler  
  187  14:05  Zergling x4  
  187  14:07  Zergling x16  
  187  14:08  Zergling x2  
  184  14:14  Zergling x8  
  178  14:17  Baneling x7  
  178  14:18  Corruptor, Baneling x10  
  178  14:19  Corruptor  
  170  14:24  Zergling x6  
  170  14:27  Zergling x2  
  159  14:33  Zergling x6  
  159  14:37  Overseer  
  160  14:39  Zergling x4  
  160  14:40  Overseer  
  151  14:45  Zergling x2  
  151  14:46  Zergling x6  
  148  14:58  Drone x5  
  153  15:01  Zergling x2  
  153  15:03  Zergling x4  
  153  15:06  Hatchery  
  155  15:08  Baneling x10  
Tags
 
Add a new tag
Caveats
  • Supply blocks, unpowered buildings, or Contaminate may cause inaccurate times.
  • Supply counts are checked every 10 seconds.